 Dungeon Crawl Stone Soup version 0.20-a0-700-gbd4582c (webtiles) character file.

9307 Gorglomux the Spear-Bearer (level 11, -1/89 HPs)
             Began as a Centaur Fighter on Feb 20, 2017.
             Was a Believer of Ieoh Jian.
             Slain by a manticore (3 damage)
             ... on level 11 of the Dungeon on Feb 21, 2017.
             The game lasted 00:30:37 (12345 turns).

Gorglomux the Spear-Bearer (Centaur Fighter)       Turns: 12345, Time: 00:30:38

Health: -1/89      AC:  9    Str: 21    XL:     11   Next: 21%
Magic:  11/11      EV:  6    Int:  8    God:    Ieoh Jian [**....]
Gold:   307        SH:  0    Dex:  9    Spells: 5/10 levels left

rFire    + . .     SeeInvis .   a - +7 trident of Reinforcement {flame, rN+}
rCold    . . .     Gourm    +   W - +2 ring mail {rF+}
rNeg     + . .     Faith    .   c - +0 shield
rPois    .         Spirit   .   (no helmet)
rElec    .         Reflect  .   E - +0 cloak
rCorr    .         Harm     .   (no gloves)
MR       +....                  (no barding)
Stlth    ..........             O - amulet of the gourmand
Regen    0.3/turn               m - ring of protection from magic
MPRegen  0.2/turn               q - ring of wizardry

@: confused, lethally poisoned (-1 -> -1), about to teleport, barbed spikes,
very quick
A: hooves 3, deformed body, speed 2, tough skin 3
a: Renounce Religion


You were on level 11 of the Dungeon.
You worshipped Ieoh Jian.
Ieoh Jian was pleased with you.
You were very full.

You visited 2 branches of the dungeon, and saw 13 of its levels.

You collected 571 gold pieces.
You spent 264 gold pieces at shops.

Inventory:

Hand Weapons
 a - the +7 trident of Reinforcement (weapon) {flame, rN+}
   (You found it on level 4 of the Dungeon)

   It has been specially enchanted to burn those struck by it, causing extra
   injury to most foes and up to half again as much damage against particularly
   susceptible opponents.
   It protects you from negative energy.
 b - a +1 hunting sling
 U - a +0 shortbow
Missiles
 k - 178 stones (quivered)
 o - 124 arrows
 Z - a throwing net
Armour
 c - a +0 shield (worn)
 E - a +0 cloak (worn)
 W - a +2 ring mail of fire resistance (worn)
Jewellery
 m - a ring of protection from magic (right hand)
 q - a ring of wizardry (left hand)
 s - an uncursed amulet of guardian spirit
 H - a +5 ring of intelligence {unknown}
 O - an amulet of the gourmand (around neck)
Wands
 D - a wand of digging (16/24)
 L - a wand of lightning (7/15)
 S - a wand of scattershot (4/9)
Scrolls
 g - a scroll of remove curse
 j - 2 scrolls of enchant weapon
 u - a scroll of fear {unknown}
 v - 2 scrolls of immolation
 y - 3 scrolls of enchant armour {unknown}
 z - 4 scrolls of recharging {unknown}
 A - 2 scrolls of fog {unknown}
 J - a scroll of amnesia {unknown}
 M - a scroll of magic mapping {unknown}
 R - 10 scrolls of identify
 T - 5 scrolls of teleportation
 Y - a scroll of brand weapon {unknown}
Potions
 i - 2 potions of flight
 l - 2 potions of ambrosia
 n - 2 potions of haste {unknown}
 t - 3 potions of invisibility {unknown}
 w - a potion of resistance {unknown}
 x - 2 potions of brilliance {unknown}
 C - 3 potions of degeneration
 F - 3 potions of lignification {unknown}
 G - 2 potions of agility
 I - a potion of mutation {unknown}
 N - 4 potions of curing
 Q - a potion of cancellation {unknown}
 V - a potion of berserk rage {unknown}
Books
 e - a book of Fire

   Spells                             Type                      Level
   a - Ignite Poison                  Fire/Transmutation/Poison    3
   b - Fireball                       Conjuration/Fire             5
   c - Bolt of Fire                   Conjuration/Fire             6
   d - Ring of Flames                 Charms/Fire                  7
   e - Ignition                       Fire                         8
 B - a book of Party Tricks

   Spells                             Type                      Level
   a - Summon Butterflies             Summoning                    1
   b - Apportation                    Translocation                1
   c - Lesser Beckoning               Translocation                3
   d - Tukima's Dance                 Hexes                        3
   e - Alistair's Intoxication        Transmutation/Poison         5
   f - Invisibility                   Hexes                        6
 K - a book of Changes

   Spells                             Type                      Level
   a - Beastly Appendage              Transmutation                1
   b - Sticks to Snakes               Transmutation                2
   c - Spider Form                    Transmutation/Poison         3
   d - Ice Form                       Ice/Transmutation            4
   e - Blade Hands                    Transmutation                5
Comestibles
 f - 9 bread rations
 h - 7 meat rations
 P - 2 fruits
 X - 2 royal jellies


   Skills:
 - Level 6.2 Fighting
 + Level 13.7 Polearms
 - Level 5.3 Armour
 - Level 2.1 Shields


You had 5 spell levels left.
You knew the following spells:

 Your Spells              Type           Power        Failure   Level  Hunger
a - Blade Hands           Tmut           #.........   100%        5    ######.


Dungeon Overview and Level Annotations

Branches:
Dungeon (12/15)            Temple (1/1) D:5            Lair (0/6) D:11
    Orc (0/2) D:9

Altars:
Ashenzari
Cheibriados
Dithmenos
Elyvilon
Fedhas
Gozag
Hepliaklqana Ieoh Jian
Kikubaaqudgha
Makhleb
Nemelex Xobeh
Okawaru
Qazlal
Ru
Sif Muna
Trog
Uskayaw
Vehumet
Xom
Yredelemnul
Zin
The Shining One
Beogh

Shops:
D:5 !   D:9 }


Innate Abilities, Weirdness & Mutations

You have hooves in place of feet.
Armour fits poorly on your strangely shaped body.
You cover ground very quickly.
You have extremely tough skin. (AC +3)


Message History

You are poisoned.
The killer bee poisons you!
The centaur hits you but does no damage.
The hound bites you.
* * * LOW HITPOINT WARNING * * *
The manticore completely misses you.
The manticore claws you but does no damage.
The manticore barely misses you. The killer bee stings you.
* * * LOW HITPOINT WARNING * * *
The barbs in your skin will harm you if you move.
Continue?
Okay, then.
You feel sick. The centaur hits you.
* * * LOW HITPOINT WARNING * * *
The killer bee barely misses you. The hound bites you but does no damage.
The killer bee stings you but does no damage.
The manticore bites you!
* * * LOW HITPOINT WARNING * * *
The manticore claws you but does no damage.
The manticore claws you.
You die...

............#..#...#..#
.............#.##.PP##.#
.............#..PPPP...#
.............#≈..P>PP.≈#
<............#)..PPP...#
.............#)##..P##.#
........†....#..#...#..#
(.....cyy.....#...≈...#.
....(yH@y.....)..###....
......h.....#...........
......y.....############
............#
...........##
...........#
...........#
............


You could see a manticore, a centaur, a hound and 5 killer bees.

Vanquished Creatures
  The ghost of Mamaj the Cleaver, a novice DDFi of Makhleb (D:8)
  A two-headed ogre (D:10)
  An oklob plant (D:11)
  A cyclops (D:12)
  Joseph (D:10)
  The ghost of graki42 the Magician, a novice DEFE of Vehumet (D:6)
  2 trolls
  A hippogriff (D:9)
  9 yaks (D:10)
  The ghost of Yehuk the Covert, an amateur NaAs (D:4)
  Eustachio (D:4)
  Menkaure (D:4)
  The ghost of Yehuk the Sneak, an amateur HaAs (D:3)
  A water moccasin (D:8)
  5 orc warriors
  2 sky beasts
  A phantom (D:10)
  3 ice beasts
  4 ogres
  A crocodile (D:6)
  4 centaurs
  A big kobold (D:10)
  Blork the orc (D:6)
  2 bullfrogs (D:8)
  A gnoll sergeant (D:10)
  A scorpion (D:10)
  5 wights (D:9)
  6 killer bees
  5 howler monkeys
  A crimson imp (D:9)
  A bullfrog zombie (D:3)
  3 hounds
  2 centaur zombies
  A jelly (D:11)
  Crazy Yiuf (D:4)
  8 orc priests
  8 orc wizards
  7 worker ants
  3 hound skeletons
  5 adders
  4 gnolls (D:10)
  A shadow imp (D:10)
  An ooze (D:3)
  An adder zombie (D:6)
  A worm (D:3)
  6 leopard geckos
  44 orcs
  3 ball pythons
  5 giant cockroaches
  6 goblins
  3 hobgoblins
  6 jackals
  17 kobolds
  3 quokkas (D:4)
  8 bats
  2 frilled lizards
  2 quokka skeletons
  4 rats
222 creatures vanquished.

Notes
Turn   | Place    | Note
-------+----------+-------------------------------------------
     0 | D:1      | Gorglomux the Centaur Fighter began the quest for the Orb.
     0 | D:1      | Reached XP level 1. HP: 19/19 MP: 1/1
    49 | D:1      | Reached skill level 2 in Polearms
   219 | D:1      | Reached XP level 2. HP: 24/26 MP: 2/2
  1114 | D:2      | Reached skill level 3 in Polearms
  1406 | D:2      | Reached XP level 3. HP: 31/31 MP: 3/3
  1922 | D:3      | Reached XP level 4. HP: 37/38 MP: 4/4
  1927 | D:3      | Reached skill level 4 in Polearms
  2201 | D:3      | Noticed Yehuk's ghost (amateur HaAs)
  2801 | D:3      | Killed Yehuk's ghost
  2801 | D:3      | Reached skill level 5 in Polearms
  2801 | D:3      | Reached XP level 5. HP: 5/45 MP: 5/5
  2802 | D:3      | HP: 2/45 [poisoned by Yehuk's ghost]
  3084 | D:3      | Reached XP level 6. HP: 45/51 MP: 6/6
  3151 | D:3      | Found an ancient bone altar of Kikubaaqudgha.
  3166 | D:3      | Found a hazy altar of Hepliaklqana.
  3169 | D:3      | Found a bloodstained altar of Trog.
  3177 | D:3      | Found a shattered altar of Ashenzari.
  3422 | D:4      | Found a runed door.
  3462 | D:4      | Reached skill level 6 in Polearms
  3578 | D:4      | Noticed Crazy Yiuf
  3612 | D:4      | Killed Crazy Yiuf
  3684 | D:4      | Noticed Eustachio
  3729 | D:4      | Killed Eustachio
  3729 | D:4      | Reached skill level 7 in Polearms
  3729 | D:4      | Reached XP level 7. HP: 24/57 MP: 7/7
  4093 | D:4      | Noticed Menkaure
  4100 | D:4      | Got a scorched trident
  4101 | D:4      | Identified the +7 trident of Reinforcement {flame, rN+} (You found it on level 4 of the Dungeon)
  4106 | D:4      | Noticed Yehuk's ghost (amateur NaAs)
  4109 | D:4      | Killed Menkaure
  4491 | D:4      | Found a burning altar of Makhleb.
  4684 | D:4      | Killed Yehuk's ghost
  4684 | D:4      | Reached skill level 8 in Polearms
  4821 | D:5      | Entered Level 5 of the Dungeon
  4960 | D:5      | Reached XP level 8. HP: 59/63 MP: 8/8
  5104 | D:5      | Found a staircase to the Ecumenical Temple.
  5116 | Temple   | Entered the Ecumenical Temple
  5319 | Temple   | Became a worshipper of the Ieoh Jian Council
  5380 | D:5      | Reached skill level 9 in Polearms
  5483 | D:5      | Found Myahaolo's Distillery.
  5486 | D:5      | Bought a potion of flight for 33 gold pieces
  5486 | D:5      | Bought a potion of agility for 44 gold pieces
  5486 | D:5      | Bought a potion of heal wounds for 55 gold pieces
  5486 | D:5      | Bought a potion of curing for 33 gold pieces
  5486 | D:5      | Bought a potion of ambrosia for 88 gold pieces
  5486 | D:5      | Bought a potion of degeneration for 11 gold pieces
  5795 | D:6      | Noticed Blork the orc
  5805 | D:6      | Killed Blork the orc
  6292 | D:6      | Noticed graki42's ghost (novice DEFE)
  6346 | D:6      | Killed graki42's ghost
  6346 | D:6      | Reached skill level 10 in Polearms
  7175 | D:7      | Reached XP level 9. HP: 43/69 MP: 9/9
  7428 | D:7      | Reached skill level 11 in Polearms
  7984 | D:7      | Learned a level 5 spell: Blade Hands
  8131 | D:8      | Noticed Mamaj's ghost (novice DDFi)
  8205 | D:8      | Killed Mamaj's ghost
  8205 | D:8      | Reached skill level 12 in Polearms
  8418 | D:8      | Found a sparkling altar of Nemelex Xobeh.
  8500 | D:8      | Reached * piety under Ieoh Jian
  8771 | D:9      | Noticed a troll
  8780 | D:9      | Killed a troll
  8937 | D:9      | Found Voholulu's Gadget Shoppe.
  8977 | D:9      | Found a stormy altar of Qazlal.
  9017 | D:9      | Reached XP level 10. HP: 66/77 MP: 10/10
  9426 | D:9      | Reached skill level 3 in Armour
  9459 | D:9      | Found a staircase to the Orcish Mines.
  9466 | D:9      | Found a roughly hewn altar of Beogh.
  9890 | D:10     | Entered Level 10 of the Dungeon
  9930 | D:10     | Reached ** piety under Ieoh Jian
 10222 | D:10     | Noticed Joseph
 10248 | D:10     | Killed Joseph
 10248 | D:10     | Reached skill level 6 in Fighting
 10776 | D:10     | Reached skill level 13 in Polearms
 11269 | D:10     | Noticed a two-headed ogre
 11279 | D:10     | Killed a two-headed ogre
 11279 | D:10     | Reached XP level 11. HP: 42/89 MP: 11/11
 11668 | D:10     | You fall through a shaft for 2 floors!
 11880 | D:11     | Noticed an oklob plant
 11882 | D:11     | Found a staircase to the Lair.
 11893 | D:11     | Killed an oklob plant
 12062 | D:11     | Reached *** piety under Ieoh Jian
 12345 | D:11     | HP: 2/89 [manticore (10)]
 12345 | D:11     | Slain by a manticore

Vault maps used:
D:1:      scummos_arrival_star
D:3:      grunt_temple_overflow_cloverleaf
D:4:      lemuel_doored_altar, uniq_crazy_yiuf_cottage, uniq_menkaure,
          uniq_eustachio
D:5:      minmay_temple_entry_crystal_x, first_bread, serial_shops,
          nicolae_shop_behind_doors, minmay_holes
D:6:      uniq_blork_the_orc
D:8:      nemelex_xobeh_ov_fountains_minmay
D:9:      nicolae_qazlal_style_of_elements, minmay_orc_entry_temple_small,
          serial_shops, nicolae_shop_temple_entry_statues_fountains
D:10:     grunt_ogre_cave, hangedman_decor_clover_reticule, uniq_joseph
D:11:     dpeg_oklobed_lair, serial_shops, nicolae_shop_crystal
D:12:     minmay_heptahexagon
Temple:   regret_index_temple_generic_petals

Skill      XL: |  1  2  3  4  5  6  7  8  9 10 |
---------------+-------------------------------+-----
Polearms       | 2 3 5 7 8 10 12 13 | 13.7
Fighting       | 6 |  6.2
Armour         | 5 |  5.3
Shields        | |  2.1

Action                   |  1- 3 |  4- 6 |  7- 9 | 10-12 || total
-------------------------+-------+-------+-------+-------++-------
Melee: Trident           |    96 |   172 |   270 |   269 ||   807
       Kick              |    10 |    29 |    30 |    55 ||   124
 Fire: Hunting sling     |    32 |    77 |    24 |    13 ||   146
Throw: Stone             |     1 |       |    14 |       ||    15
  Use: Potion            |       |     4 |       |     4 ||     8
       Scroll            |       |       |       |     6 ||     6
 Stab: Distracted        |       |       |       |     2 ||     2
  Eat: Chunk             |     2 |     5 |    20 |     9 ||    36
       Fruit             |       |       |     2 |       ||     2
Armor: Scale mail        |    45 |    71 |    43 |    20 ||   179
       Ring mail         |       |       |       |    46 ||    46
Dodge: Dodged            |    28 |    38 |    23 |    41 ||   130
Block: Shield            |    33 |    65 |    57 |    69 ||   224
